 Dungeon Crawl Stone Soup version 0.17.1-2-g5865329 (webtiles) character file.

40 ololoev the Covered (level 3, -3/29 HPs)
             Began as a Demonspawn Fighter on Feb 12, 2016.
             Slain by an ogre zombie (8 damage)
             ... in an ossuary.
             The game lasted 00:03:36 (433 turns).

ololoev the Covered (Demonspawn Fighter)             Turns: 433, Time: 00:03:36

Health: -3/29      AC:  8    Str: 17    XL:     3   Next: 30%
Magic:  3/3        EV:  6    Int:  9    God:
Gold:   38         SH:  8    Dex: 12    Spells: 0 memorised, 2 levels left

rFire  . . .     SeeInvis .     a - +0 war axe
rCold  . . .     Clarity  .     b - +0 scale mail
rNeg   . . .     SustAt   .     c - +0 shield
rPois  .         Gourm    .     d - +0 helmet
rElec  .         Spirit   .     (no cloak)
rCorr  .         Warding  .     (no gloves)
rMut   .         Stasis   .     (no boots)
MR     .....                    (no amulet)
Stlth  +.........               (no ring)
                                (no ring)

@: not resistant to hostile enchantments, very unstealthy
A: nightstalker 1
a: no special abilities


Innate Abilities, Weirdness & Mutations

You are slightly more attuned to the shadows.

Inventory:

Hand Weapons
 a - a +0 war axe (weapon)
Armour
 b - a +0 scale mail (worn)
 c - a +0 shield (worn)
 d - a +0 helmet (worn)
Wands
 j - a wand of digging (7)
Scrolls
 h - a scroll of fog {unknown}
 i - a scroll of immolation {unknown}
 l - a scroll of identify {unknown}
Potions
 k - a potion of might
Comestibles
 e - a bread ration
 f - 3 fruits
 g - a royal jelly


   Skills:
 - Level 3.0 Fighting
 * Level 2.8 Axes
 + Level 3.3 Armour
 - Level 2.6 Shields


You had 2 spell levels left.
You didn't know any spells.
You were in an ossuary. You were not hungry. You visited 1 branch of the dungeon, and saw 4 of its levels. You also visited: Ossuary. You collected 38 gold pieces. #..'.#....# #..######## #..#.#....# #..#.'....# #..'.#....# #..###....# #..#.###### #..#.'....# #..'.#@...# #..###Z...# #..# #....# #..# ###### #..# #..# #...

Notes
Turn   | Place    | Note
--------------------------------------------------------------
     0 | D:1      | ololoev the Demonspawn Fighter began the quest for the Orb.
     0 | D:1      | Reached XP level 1. HP: 18/18 MP: 1/1
   251 | D:2      | Noticed Robin
   253 | D:2      | Gained mutation: You are slightly more attuned to the shadows. [demonic ancestry]
   253 | D:2      | Reached XP level 2. HP: 6/24 MP: 2/2
   257 | D:2      | Killed Robin
   257 | D:2      | Reached XP level 3. HP: 4/29 MP: 3/3
   350 | D:4      | Found a sand-covered staircase.
   358 | Ossuary  | Entered an ossuary
   433 | Ossuary  | Slain by an ogre zombie

Dungeon Overview and Level Annotations

Branches:
Dungeon (4/15)
 Temple: D:4-7

Altars:


Message History

You destroy the quokka zombie!
You open the door.
There is an open door here.
There is an open door here.
You open the door. 2 zombies come into view.
You closely miss the quokka zombie.
The quokka zombie bites you but does no damage.
You hit the quokka zombie.
The quokka zombie bites you but does no damage.
The quokka zombie bites you.
You hit the quokka zombie. The quokka zombie bites you.
You slash the quokka zombie!
You destroy the quokka zombie!
You slash the kobold zombie!
The kobold zombie hits you but does no damage.
An adder zombie comes into view.
You slash the kobold zombie!
You destroy the kobold zombie!
The adder zombie bites you but does no damage.
You closely miss the adder zombie.
The adder zombie bites you but does no damage.
You closely miss the adder zombie. The adder zombie barely misses you.
You block the adder zombie's attack.
Your shield prevents you from hitting the adder zombie.
The adder zombie bites you.
You slash the adder zombie!
The adder zombie bites you but does no damage. x2
You hit the adder zombie.
You destroy the adder zombie!
There is an open door here.
You open the door.
An ogre zombie comes into view.
There is an open door here.
Evoke which item? (* to show all) (? for menu, Esc to quit)
Okay, then.
You slash the ogre zombie! The ogre zombie hits you!
You slash the ogre zombie! You block the ogre zombie's attack.
The ogre zombie hits you!
You die...

You could see an ogre zombie.

Vanquished Creatures
  Robin (D:2)
  An adder zombie (Ossuary)
  4 hobgoblins
  A kobold (D:2)
  2 bats (D:1)
  2 giant newts
  10 goblins
  A hobgoblin zombie (Ossuary)
  2 kobold zombies (Ossuary)
  3 quokka zombies (Ossuary)
  A rat (D:1)
28 creatures vanquished.

Action                   || total
-------------------------++-------
Melee: War axe           ||    55
  Use: Potion            ||     1

Vault maps used:
D:1:      dpeg_arrival_three_same_balls
D:2:      ashenzari_conservatory_becter, nicolae_ru_path_of_blood, uniq_robin
D:3:      marbit_many_paths, overflow_temple_1_default, st_stairs_12,
          minmay_misc_feat_encased
D:4:      overflow_temple_1_default, minmay_temple_entry_large_hall,
          first_bread, nicolae_ossuary_entry_plus, eino_tiny_chamber
Ossuary:  ossuary_boxes_badplayer
